 Dungeon Crawl Stone Soup version 0.18.1-47-g9310371 (webtiles) character file.

59087 mora the Peltast (level 14, -8/132 HPs)
             Began as a Minotaur Fighter on June 21, 2016.
             Was a High Priest of the Shining One.
             Mangled by an 18-headed hydra (10 damage)
             ... on level 11 of the Dungeon.
             The game lasted 01:01:58 (18844 turns).

mora the Peltast (Minotaur Fighter)                Turns: 18844, Time: 01:01:59

Health: -8/132     AC: 32    Str: 24    XL:     14   Next: 51%
Magic:  0/26       EV: 10    Int:  5    God:    the Shining One [*****.]
Gold:   1046       SH: 24    Dex: 12    Spells: 0 memorised, 13 levels left

rFire  + . .     SeeInvis .     a - +3 war axe (chop)
rCold  . . .     Gourm    .     b - +2 storm dragon armour
rNeg   + + .     Faith    .     V - +0 shield {AC+3}
rPois  .         Spirit   +     U - +2 hat
rElec  +         Dismiss  .     G - +0 cloak
rCorr  .         Reflect  .     i - +2 pair of gloves
SustAt .         Harm     .     u - +2 pair of boots
MR     +....                    L - amulet of guardian spirit
Stlth  ..........               c - ring of protection from fire
                                l - ring of magical power

@: divine shield, glowing, somewhat resistant to hostile enchantments, extremely
unstealthy
A: retaliatory headbutt, horns 2
a: Divine Shield, Cleansing Flame, Summon Divine Warrior, Renounce Religion


You were on level 11 of the Dungeon.
You worshipped the Shining One.
The Shining One was extremely pleased with you.
You were not hungry.

You visited 4 branches of the dungeon, and saw 22 of its levels.
You also visited: Ice Cave.

You collected 1534 gold pieces.
You spent 488 gold pieces at shops.

Inventory:

Hand Weapons
 a - a +3 war axe of chopping (weapon)
Armour
 b - a +2 storm dragon armour (worn)
 i - a +2 pair of gloves (worn)
 u - a +2 pair of boots (worn)
 G - a +0 cloak (worn)
 U - a +2 hat (worn)
 V - a +0 shield of protection (worn)
 Z - a +0 pearl dragon armour
Jewellery
 c - a ring of protection from fire (right hand)
 l - a ring of magical power (left hand)
 L - an amulet of guardian spirit (around neck)
Wands
 D - a wand of digging (11/24)
 Q - a wand of hasting (2/9)
Scrolls
 e - a scroll of noise {unknown}
 q - a scroll of random uselessness {unknown}
 r - 11 scrolls of identify
 t - 2 scrolls of teleportation
 v - 4 scrolls of recharging
 w - 2 scrolls of enchant armour
 x - 2 scrolls of fog
 E - 8 scrolls of remove curse
 O - a scroll of torment {unknown}
 P - a scroll of fear
 R - 2 scrolls of blinking
 T - 5 scrolls of magic mapping
Potions
 d - 2 potions of might
 h - a potion of haste {unknown}
 m - 4 potions of agility
 n - a potion of berserk rage
 s - 2 potions of cancellation
 z - 4 potions of curing
 A - 2 potions of brilliance
 C - a potion of flight
 J - 3 potions of resistance
 X - a potion of magic
Books
 j - a book of Debilitation

   Spells                             Type                      Level
   a - Corona                         Hexes                        1
   b - Slow                           Hexes                        2
   c - Gell's Gravitas                Hexes/Translocation          3
   d - Inner Flame                    Hexes/Fire                   3
   e - Cause Fear                     Hexes                        4
   f - Leda's Liquefaction            Hexes/Earth                  4
Comestibles
 f - 10 bread rations
 k - 9 meat rations
 p - 41 fruits
 K - 6 slices of pizza
 S - 11 royal jellies
 Y - 3 beef jerkies


   Skills:
 + Level 14.2 Fighting
 + Level 14.8 Axes
 + Level 14.0 Armour
 - Level 4.5 Dodging
 - Level 0.1 Stealth
 + Level 15.2 Shields
 + Level 2.4 Unarmed Combat
 + Level 6.0 Invocations


You had 13 spell levels left.
You didn't know any spells.

Dungeon Overview and Level Annotations

Branches:
Dungeon (12/15)            Temple (1/1) D:7            Lair (8/8) D:9
 Shoals (0/4) Lair:6        Snake (0/4) Lair:3        Slime (0/6) Lair:6
    Orc (1/2) D:11

Altars:
Ashenzari
Cheibriados
Dithmenos
Elyvilon
Fedhas
Gozag
Kikubaaqudgha
Makhleb
Nemelex Xobeh
Okawaru
Pakellas
Qazlal
Ru
Sif Muna
Trog
Vehumet
Xom
Yredelemnul
Zin
The Shining One
Jiyva

Shops:
D:6 [   D:7 :(*[   D:9 [   Orc:1 }

Portals:
Bailey: Orc:1

Annotations:
Lair:3 Sonja


Innate Abilities, Weirdness & Mutations

You reflexively headbutt those who attack you in melee.
You have a pair of horns on your head.


Message History

You headbutt the 18-headed hydra.
The 18-headed hydra is moderately wounded.
You block the 18-headed hydra's attack. x2
The 18-headed hydra barely misses you. You block the 18-headed hydra's attack.
The 18-headed hydra bites you but does no damage.
You block the 18-headed hydra's attack.
The 18-headed hydra bites you but does no damage.
The 18-headed hydra closely misses you.
The 18-headed hydra bites you but does no damage.
The 18-headed hydra bites you!
* * * LOW HITPOINT WARNING * * *
The 18-headed hydra bites you.
* * * LOW HITPOINT WARNING * * *
The 18-headed hydra bites you but does no damage. x3
The 18-headed hydra bites you!
* * * LOW HITPOINT WARNING * * *
The 18-headed hydra misses you. The 18-headed hydra bites you!
* * * LOW HITPOINT WARNING * * *
The 18-headed hydra bites you!
You die...

#...........#...........#......##
#...........#.....8.....#......#.
............####)....####......#.
########.#####..)......#.......#.
.......#.#.............#.....###.
.......#.#.............#.....#...
.......#.#.............#....<##..
(......'.#.....[.......#....(.#..
.......#.#......@D...###......#..
#......#.###.........#......(.##.
'......#...#.........#.........#.
########...#.........#....รท..(.#.
...........#....)....#.........##
...........#....######...........
...........#'####................
.................................
................).........#####..


You could see a 18-headed hydra.

Vanquished Creatures
  An orc warlord (Orc:1)
  4 dire elephants (Lair:8)
  4 hydras
  A catoblepas (Lair:8)
  Erica (D:8)
  An anaconda (Lair:8)
  5 death yaks (Lair:8)
  The ghost of Shtopit the Thaumaturge, a journeyman DECj of Cheibriados (D:10)
  A lindwurm (Lair:8)
  An orc sorcerer (Orc:1)
  A griffon (Lair:2)
  29 elephants
  18 spiny frogs
  Joseph (D:7)
  3 black mambas
  A gargoyle (D:11)
  A torpor snail (Lair:8)
  5 komodo dragons
  2 rime drakes
  3 trolls
  2 polar bears
  Prince Ribbit (D:5)
  A two-headed ogre (D:12)
  12 blink frogs
  Sigmund (D:6)
  A spriggan (Lair:5)
  14 hippogriffs
  46 yaks
  2 basilisks
  2 steam dragons
  A soldier ant (D:7)
  2 wargs (Orc:1)
  A mottled dragon (D:11)
  4 nagas (Lair:3)
  15 water moccasins
  Duvessa (D:5)
  8 porcupines
  6 orc warriors
  A black bear (D:7)
  18 ice beasts
  3 sky beasts
  A wasp (Lair:5)
  A necrophage (D:6)
  2 phantoms
  7 ogres
  6 centaurs
  8 wolves
  7 crocodiles
  A big kobold (D:7)
  11 giant frogs
  A wyvern zombie (D:6)
  3 scorpions
  Dowan (D:5)
  3 wights (D:9)
  6 electric eels
  2 crimson imps
  A centaur zombie (D:7)
  4 jellies
  2 giant frog zombies
  4 orc priests
  7 hounds
  2 gnoll shamans (D:3)
  10 orc wizards
  A centaur skeleton (D:5)
  7 iguanas
  Terence (D:3)
  6 worker ants
  13 hell rats
  23 sheep
  2 worker ant zombies
  42 gnolls
  15 adders
  73 river rats
  8 shadow imps
  5 oozes (D:8)
  An adder skeleton (D:5)
  3 worms (D:3)
  4 dart slugs
  7 giant geckos
  38 orcs
  5 bats
  4 giant cockroaches
  7 goblins
  4 hobgoblins
  26 jackals
  6 quokkas
  A giant gecko skeleton (D:3)
  6 giant newts
  11 kobolds
  18 rats
  A butterfly (D:7)
  7 fungi
  10 plants
671 creatures vanquished.

Vanquished Creatures (others)
  A jackal (D:9)
  A bush (D:6)
  22 fungi
  4 plants (Lair:8)
28 creatures vanquished.

Grand Total: 699 creatures vanquished

Notes
Turn   | Place    | Note
--------------------------------------------------------------
     0 | D:1      | mora the Minotaur Fighter began the quest for the Orb.
     0 | D:1      | Reached XP level 1. HP: 19/19 MP: 0/0
   132 | D:1      | Reached XP level 2. HP: 27/27 MP: 1/1
   399 | D:1      | Reached XP level 3. HP: 33/33 MP: 2/2
   756 | D:1      | Found a shattered altar of Ashenzari.
   914 | D:2      | Reached skill level 4 in Shields
  1572 | D:3      | Reached XP level 4. HP: 34/40 MP: 3/3
  1601 | D:3      | Noticed Terence
  1608 | D:3      | Killed Terence
  1608 | D:3      | Reached skill level 1 in Dodging
  1841 | D:3      | Reached XP level 5. HP: 38/46 MP: 4/4
  1966 | D:3      | Reached skill level 5 in Shields
  2532 | D:3      | Reached XP level 6. HP: 44/53 MP: 5/5
  2635 | D:3      | Reached skill level 5 in Armour
  2638 | D:3      | Reached skill level 5 in Fighting
  2643 | D:3      | Reached skill level 5 in Axes
  2646 | D:3      | Reached XP level 7. HP: 47/61 MP: 6/6
  2649 | D:3      | Reached skill level 6 in Shields
  2885 | D:4      | Found a sparkling altar of Nemelex Xobeh.
  3087 | D:4      | Found a basalt altar of Yredelemnul.
  3087 | D:4      | Found a radiant altar of Vehumet.
  3222 | D:5      | Entered Level 5 of the Dungeon
  3222 | D:5      | Noticed Dowan
  3226 | D:5      | Noticed Duvessa
  3227 | D:5      | Killed Dowan
  3233 | D:5      | Killed Duvessa
  3233 | D:5      | Reached XP level 8. HP: 63/70 MP: 7/7
  3447 | D:5      | Reached skill level 7 in Shields
  3560 | D:5      | Noticed Prince Ribbit
  3771 | D:5      | Found a glowing silver altar of Zin.
  3772 | D:5      | Noticed an angel
  3883 | D:5      | Found an opulent altar of Gozag.
  3945 | D:5      | Killed Prince Ribbit
  4182 | D:5      | Found a shadowy altar of Dithmenos.
  4317 | D:6      | Noticed Sigmund
  4351 | D:6      | Found Enwan Raf's Antique Armour Boutique.
  4487 | D:6      | Reached skill level 8 in Shields
  4491 | D:6      | Reached XP level 9. HP: 56/79 MP: 8/8
  4524 | D:6      | Killed Sigmund
  5382 | D:7      | Found Ruosuogo's Weapon Boutique.
  5406 | D:7      | Noticed Joseph
  5422 | D:7      | Killed Joseph
  5422 | D:7      | Reached skill level 9 in Shields
  5461 | D:7      | Found a staircase to the Ecumenical Temple.
  5491 | Temple   | Entered the Ecumenical Temple
  5614 | Temple   | Became a worshipper of the Shining One
  5909 | D:7      | Found Looko's Assorted Antiques.
  5962 | D:7      | Bought a scroll of enchant weapon for 232 gold pieces
  5979 | D:7      | Found Ciohunig's Antique Armour Shoppe.
  6103 | D:7      | Found Taget's Book Shop.
  6292 | D:7      | Reached XP level 10. HP: 90/90 MP: 9/9
  6470 | D:7      | Bought a +0 battleaxe for 84 gold pieces
  6664 | D:8      | Noticed Erica
  6678 | D:8      | Killed Erica
  6678 | D:8      | Reached skill level 10 in Shields
  6744 | D:8      | Found a white marble altar of Elyvilon.
  7223 | D:9      | Found a burning altar of Makhleb.
  7284 | D:9      | Found a deep blue altar of Sif Muna.
  7350 | D:9      | Found Keppenam's Armour Shoppe.
  7352 | D:9      | Reached * piety under the Shining One
  7357 | D:9      | Reached skill level 10 in Axes
  7398 | D:9      | Bought a +0 shield of protection for 172 gold pieces
  7661 | D:9      | Found a staircase to the Lair.
  7678 | Lair:1   | Entered Level 1 of the Lair of Beasts
  7685 | Lair:1   | Reached skill level 11 in Shields
  7795 | Lair:1   | Found a frozen archway.
  7800 | Lair:1   | Reached XP level 11. HP: 93/99 MP: 10/10
  7810 | Lair:1   | Reached skill level 10 in Fighting
  7837 | IceCv    | Entered an ice cave
  8065 | Lair:1   | Reached skill level 10 in Armour
  8879 | Lair:2   | Noticed a griffon
  8889 | Lair:2   | Killed a griffon
  8905 | Lair:2   | Identified a scroll of acquirement
  9249 | Lair:2   | Reached skill level 12 in Shields
 10274 | Lair:3   | Reached ** piety under the Shining One
 10309 | Lair:3   | Reached XP level 12. HP: 89/110 MP: 11/11
 10370 | Lair:3   | Found a shadowy altar of Dithmenos.
 10743 | Lair:3   | Noticed Sonja
 10754 | Lair:3   | Found a staircase to the Snake Pit.
 10766 | Lair:3   | HP: 6/166 [poisoned by Sonja]
 11371 | Lair:4   | Reached *** piety under the Shining One
 11527 | Lair:4   | Reached skill level 13 in Shields
 11738 | Lair:4   | Noticed a six-headed hydra
 11750 | Lair:4   | Killed a 15-headed hydra
 12447 | Lair:5   | Found a labyrinth entrance.
 12880 | Lair:6   | Noticed a five-headed hydra
 12895 | Lair:6   | Killed a 17-headed hydra
 13002 | Lair:6   | Reached skill level 1 in Invocations
 13121 | Lair:6   | Reached XP level 13. HP: 72/119 MP: 8/13
 13347 | Lair:6   | Found a viscous altar of Jiyva.
 13347 | Lair:6   | Found a staircase to the Slime Pits.
 13350 | Lair:6   | Found a staircase to the Shoals.
 14103 | Lair:7   | Reached skill level 14 in Shields
 14327 | Lair:7   | Reached **** piety under the Shining One
 14779 | Lair:8   | Entered Level 8 of the Lair of Beasts
 15392 | Lair:8   | Found a dark tunnel.
 15715 | Lair:8   | Reached XP level 14. HP: 110/130 MP: 16/16
 15720 | Lair:8   | Reached skill level 5 in Invocations
 16163 | Lair:8   | Reached skill level 15 in Shields
 17091 | D:10     | Entered Level 10 of the Dungeon
 17564 | D:10     | Reached skill level 1 in Unarmed Combat
 17586 | D:10     | Noticed Shtopit's ghost (journeyman DECj)
 17610 | D:10     | Killed Shtopit's ghost
 17610 | D:10     | Reached ***** piety under the Shining One
 17860 | D:11     | Found a staircase to the Orcish Mines.
 17881 | Orc:1    | Entered Level 1 of the Orcish Mines
 17881 | Orc:1    | Found Oshruuxos's Gadget Shop.
 17881 | Orc:1    | Noticed an orc warlord
 17906 | Orc:1    | Killed an orc warlord
 18240 | Orc:1    | Found a flagged portal.
 18844 | D:11     | HP: 2/132 [18-headed hydra (8)]
 18844 | D:11     | Mangled by an 18-headed hydra

Skill      XL: |  1  2  3  4  5  6  7  8  9 10 11 12 13 14 |
---------------+-------------------------------------------+-----
Armour         | 4 5 6 7 9 11 12 13 14 | 14.0
Fighting       | 4 5 6 7 8 9 11 12 13 14 | 14.2
Shields        | 4 5 6 8 9 11 12 13 14 15 | 15.2
Axes           | 3 4 5 6 8 9 10 12 13 14 | 14.8
Dodging        | 1 2 3 4 |  4.5
Invocations    | 1 4 6 |  6.0
Unarmed Combat | 2 |  2.4
Stealth        | |  0.1

Action                   |  1- 3 |  4- 6 |  7- 9 | 10-12 | 13-15 || total
-------------------------+-------+-------+-------+-------+-------++-------
Melee: War axe           |    65 |    71 |   370 |   682 |   619 ||  1807
       Headbutt          |     6 |    26 |    64 |   159 |   150 ||   405
       Hand axe          |       |    83 |       |       |       ||    83
Invok: Divine Shield     |       |       |       |       |     3 ||     3
Evoke: Wand              |       |       |       |       |     3 ||     3
  Use: Scroll            |     5 |     2 |     4 |    13 |    13 ||    37
       Potion            |       |     1 |     1 |     8 |     1 ||    11
 Stab: Petrified         |       |       |       |       |     1 ||     1
  Eat: Chunk             |     1 |     3 |    13 |    14 |    17 ||    48
       Fruit             |       |     1 |       |     4 |     1 ||     6
       Bread ration      |       |       |       |     1 |       ||     1
       Meat ration       |       |       |       |       |     1 ||     1
Armor: Scale mail        |    13 |       |       |       |       ||    13
       Chain mail        |    16 |    73 |   154 |       |       ||   243
       Plate armour      |       |       |    31 |   126 |       ||   157
       Storm dragon armo |       |       |       |   238 |   339 ||   577
Dodge: Dodged            |    19 |    42 |   119 |   235 |   223 ||   638
Block: Shield            |    35 |    86 |   233 |   452 |   440 ||  1246
